AoeStats
← Wh1t3y Aoe

Arena

509186402Analyzed
4v4 RM · 5d ago on Sep 25, 2026· 40m 51s· 8 players
Game mode
Random Map
Map size
Large (8 player)
Population
200
Speed
Normal
Resources
Standard
Victory
Conquest
Starting age
Dark Age
Ending age
Imperial Age
RankedLock teamsTeams togetherTeam positionsShared explorationLock speedFull tech treeHidden civsTurbo modeCheats
Victory
Defeat
🇦🇷 Franks · Argentina
1241
+12
🇦🇷 Italians · Argentina
1232
+13
🇦🇷 Vietnamese · Argentina
1201
+14
🇦🇷 Persians · Argentina
1162
+15
🇨🇿 Britons · Czechia
1201
-15
🇯🇵 Turks · Japan
1183
-15
🇬🇧 Wei · United Kingdom
1126
-12
🇬🇧 Italians · United Kingdom
1116
-12
ArDTaylor
4:03 Loom
10:17 Feudal Age
13:49 Wheelbarrow
15:39 Castle Age
13:42 Double-Bit Axe
18:42 Bow Saw
21:23 Horse Collar
21:39 Fletching
23:40 Bodkin Arrow
24:43 Padded Archer Armor
25:37 Forging
25:33 Scale Barding Armor
26:40 Leather Archer Armor
30:25 Imperial Age
27:37 Light Cavalry
28:39 Heavy Plow
30:25 Husbandry
30:36 Bloodlines
36:02 Hussar
Wh1t3y Aoe
10:28 Feudal Age
14:16 Castle Age
12:16 Horse Collar
13:06 Double-Bit Axe
15:07 Bow Saw
15:33 Heavy Plow
21:37 Wheelbarrow
20:53 Loom
22:10 Gold Mining
22:13 Stone Mining
23:22 Hand Cart
24:10 Gold Shaft Mining
24:11 Stone Shaft Mining
27:01 Scale Barding Armor
27:07 Forging
29:36 Imperial Age
26:53 Town Watch
27:27 Husbandry
27:37 Bloodlines
28:52 Chain Barding Armor
29:12 Iron Casting
29:40 Heavy Hei Guang Cavalry
30:56 Conscription
30:17 Elite Tiger Cavalry
32:57 Blast Furnace
37:47 Caravan
RomaSaga
11:18 Feudal Age
15:35 Castle Age
13:23 Double-Bit Axe
14:53 Loom
15:10 Horse Collar
16:39 Bow Saw
16:29 Heavy Plow
22:48 Gold Mining
24:41 Fervor
24:51 Town Watch
28:46 Gold Shaft Mining
28:01 Stone Mining
28:47 Wheelbarrow
31:22 Imperial Age
28:59 Scale Barding Armor
29:04 Forging
30:01 Chain Barding Armor
30:00 Padded Archer Armor
30:17 Hand Cart
30:09 Treadmill Crane
31:08 Iron Casting
30:53 Bloodlines
30:44 Husbandry
30:42 Fletching
31:41 Town Patrol
32:13 Ballistics
32:04 Masonry
32:58 Plate Barding Armor
31:51 Heavy Camel Rider
32:57 Leather Archer Armor
33:40 Conscription
34:34 Two-Man Saw
36:16 Blast Furnace
36:17 Elite Janissary
36:59 Artillery
39:00 Ring Archer Armor
38:25 Bodkin Arrow
orangepocalypse
10:17 Feudal Age
14:18 Castle Age
14:01 Loom
14:03 Double-Bit Axe
14:01 Horse Collar
16:52 Wheelbarrow
16:31 Bow Saw
20:25 Town Watch
22:00 Wheelbarrow
22:23 Heavy Plow
24:33 Gold Mining
24:34 Stone Mining
25:32 Fletching
26:10 Padded Archer Armor
26:33 Ballistics
26:46 Bodkin Arrow
30:56 Imperial Age
29:09 Hand Cart
29:25 Leather Archer Armor
31:12 Yeomen
31:28 Masonry
32:01 Conscription
31:54 Bracer
32:58 Chemistry
31:47 Arrowslits
32:46 Elite Longbowman
34:57 Hoardings
35:14 Scale Mail Armor
35:24 Forging
36:41 Pikeman
37:22 Squires
37:59 Ring Archer Armor
38:11 Chain Mail Armor
38:59 Architecture
39:52 Iron Casting
Gus_Fring
10:35 Feudal Age
9:25 Loom
14:31 Castle Age
12:58 Double-Bit Axe
19:18 Wheelbarrow
21:30 Bow Saw
22:39 Hand Cart
26:35 Imperial Age
24:58 Husbandry
25:02 Scale Mail Armor
25:31 Gold Mining
25:35 Stone Mining
25:33 Gambesons
25:48 Squires
25:34 Arson
27:15 Chain Mail Armor
27:10 Forging
28:40 Gold Shaft Mining
29:26 Plate Mail Armor
29:31 Iron Casting
28:47 Fletching
28:46 Treadmill Crane
29:02 Murder Holes
30:08 Chemistry
29:20 Masonry
29:33 Ballistics
30:35 Chemistry
29:39 Town Watch
31:00 Conscription
31:18 Hoardings
31:37 Architecture
31:19 Capped Ram
31:27 Heavy Scorpion
32:55 Pikeman
34:38 Blast Furnace
33:34 Bodkin Arrow
35:48 Halberdier
39:00 Siege Engineers
40:07 Padded Archer Armor
The Babuino1162
11:35 Feudal Age
12:09 Loom
15:45 Castle Age
13:55 Double-Bit Axe
16:52 Bow Saw
21:29 Gold Mining
23:00 Wheelbarrow
24:26 Scale Barding Armor
24:47 Bloodlines
24:37 Husbandry
24:44 Horse Collar
25:21 Heavy Plow
25:28 Husbandry
26:58 Forging
30:56 Imperial Age
28:43 Town Watch
29:41 Hand Cart
29:20 Stone Mining
30:24 Chain Barding Armor
30:23 Treadmill Crane
31:32 Stone Shaft Mining
31:40 Chatras
33:20 Two-Man Saw
33:42 Paper Money
35:10 Chemistry
37:47 Crop Rotation
38:25 Plate Barding Armor
39:21 Iron Casting
39:53 Fortified Wall
39:56 Masonry
ThomasShelby
11:27 Feudal Age
15:09 Castle Age
13:03 Double-Bit Axe
14:48 Horse Collar
15:25 Loom
17:06 Bow Saw
19:16 Wheelbarrow
23:16 Gold Mining
23:41 Heavy Plow
28:58 Imperial Age
27:10 Bloodlines
27:08 Scale Barding Armor
28:12 Chain Barding Armor
28:30 Husbandry
28:42 Forging
28:40 Cavalier
29:50 Conscription
30:35 Chemistry
30:13 Iron Casting
32:12 Plate Barding Armor
32:45 Blast Furnace
32:36 Savar
33:40 Fletching
35:19 Scale Mail Armor
35:35 Pikeman
37:15 Squires
39:16 Gold Shaft Mining
39:12 Halberdier
41:05 Chain Mail Armor
monk
11:11 Feudal Age
15:05 Castle Age
12:53 Double-Bit Axe
16:23 Bow Saw
15:57 Horse Collar
23:15 Wheelbarrow
22:56 Heavy Plow
22:49 Gold Mining
24:33 Stone Mining
25:17 Hand Cart
26:04 Fletching
29:51 Imperial Age
27:07 Loom
27:08 Town Watch
28:16 Stone Shaft Mining
28:29 Bodkin Arrow
29:03 Ballistics
29:20 Padded Archer Armor
30:36 Leather Archer Armor
30:36 Bracer
31:01 Conscription
32:53 Chemistry
31:47 Elite Genoese Crossbowman
34:11 Ring Archer Armor
Connection lost

Rejoining the realm…

Still unreachable

The connection could not be restored.

Session expired

The server has moved on; the page needs a fresh start.